 Dungeon Crawl Stone Soup version 0.29.1-1-gd02db6906a (webtiles) character file.

Game seed: 10986749021593468615

273 Demigod47 the Cudgeller (level 6, -1/53 HPs)
             Began as a Minotaur Fighter on Oct 18, 2022.
             Was an Initiate of Okawaru.
             Slain by Edmund
             ... wielding a +1 flail of protection
              (9 damage)
             ... on level 4 of the Dungeon.
             The game lasted 00:04:56 (3374 turns).

Demigod47 the Cudgeller (Minotaur Fighter)          Turns: 3374, Time: 00:04:57

Health: -1/53      AC: 17    Str: 21    XL:     6   Next: 3%
Magic:  5/5        EV:  3    Int:  4    God:    Okawaru [......]
Gold:   149        SH: 10    Dex: 14    Spells: 5/5 levels left

rFire   . . .      SeeInvis .   a - +0 flail
rCold   + . .      Faith    .   c - +0 buckler
rNeg    . . .      Spirit   .   v - +0 crystal plate armour
rPois   .          Reflect  +   (helmet restricted)
rElec   .          Harm     .   (no cloak)
rCorr   .          Rampage  .   (no gloves)
Will    .....                   (no boots)
Stlth   ..........              h - amulet of reflection
HPRegen 0.00/turn               q - ring of protection from cold
MPRegen 0.09/turn               (no ring)

@: mighty, inhibited regen
A: horns 2, retaliatory headbutt, agile 1, inhibited regeneration
a: Renounce Religion


You were on level 4 of the Dungeon.
You worshipped Okawaru.
Okawaru was noncommittal.
You visited 2 branches of the dungeon, and saw 5 of its levels.

You collected 149 gold pieces.

Inventory:

Hand Weapons
 a - a +0 flail (weapon)
Missiles
 k - 4 silver javelins (quivered)
 t - a throwing net
Armour
 b - a +0 scale mail
 c - a +0 buckler (worn)
 v - a +0 crystal plate armour (worn)
Jewellery
 f - the ring "Ufocav" {Wiz rF+ rCorr Str-3}
   (You found it on level 4 of the Dungeon)

   [ring of wizardry]

   It improves your spell success rate.
   Str:       It affects your strength (-3).
   rF:        It protects you from fire.
   rCorr:     It protects you from acid and corrosion.
 h - an amulet of reflection (around neck)
 q - a ring of protection from cold (left hand)
Scrolls
 e - 2 scrolls of enchant weapon
 g - a scroll of teleportation
 i - a scroll of vulnerability
 j - a scroll of poison {unknown}
 l - 2 scrolls of blinking
 o - 2 scrolls of immolation {unknown}
 p - a scroll of summoning {unknown}
 r - a scroll of noise {unknown}
 s - a scroll of amnesia {unknown}
 w - a scroll of magic mapping {unknown}


   Skills:
 + Level 4.5 Fighting
 * Level 5.6 Maces & Flails
 + Level 4.9 Armour
 + Level 0.6 Dodging
 + Level 4.4 Shields


You had 5 spell levels left.
You didn't know any spells.
Your spell library contained the following spells:

 Spells                   Type           Power      Damage    Failure   Level
 Apportation              Tloc           0%         N/A       100%        1
 Ensorcelled Hibernation  Hex/Ice        0%         N/A       100%        2
 Passwall                 Tmut/Erth      0%         N/A       100%        2
 Spider Form              Tmut/Pois      0%         N/A       100%        3
 Swiftness                Air            0%         N/A       100%        3
 Anguish                  Hex/Necr       0%         N/A       100%        4
 Alistair's Intoxication  Tmut/Pois      0%         N/A       100%        5


Dungeon Overview and Level Annotations

Branches:
Dungeon (4/15)             Temple (1/1) D:4

Altars:
Ashenzari
Cheibriados
Fedhas
Gozag
Hepliaklqana
Kikubaaqudgha
Okawaru
Ru
Sif Muna
Trog
Vehumet
Wu Jian
Xom

Shops:
D:2 =   D:4 =

Annotations:
D:4 Edmund


Innate Abilities, Weirdness & Mutations

You have a pair of horns on your head.
You reflexively headbutt those who attack you in melee.
You are agile. (Dex +4, Str/Int -1)
You do not regenerate when monsters are visible.


Message History

Edmund hits you with a +1 flail of protection.
You block the worm's attack.
Edmund hits you with a +1 flail of protection.
You barely miss Edmund.
Edmund is heavily wounded.
Edmund says, "People accused me of being a cutpurse!"
Edmund hits you with a +1 flail of protection!
You block the worm's attack.
You hit Edmund. Your headbutt misses Edmund.
Edmund is heavily wounded.
Edmund hits you with a +1 flail of protection.
You sock Edmund! You headbutt Edmund, but do no damage.
Edmund is severely wounded.
You block the worm's attack. You block Edmund's attack.
You closely miss Edmund.
Edmund is severely wounded.
You block Edmund's attack. The worm bites you!
You hit Edmund but do no damage.
Edmund is severely wounded.
Edmund hits you with a +1 flail of protection.
You hit Edmund but do no damage. You headbutt Edmund, but do no damage.
Edmund is severely wounded.
You block Edmund's attack. You block the worm's attack.
Edmund hits you but does no damage.
You hit Edmund but do no damage. Your headbutt misses Edmund.
Edmund is severely wounded.
You block the worm's attack.
Edmund hits you with a +1 flail of protection.
You feel very mighty all of a sudden.
Edmund hits you with a +1 flail of protection!
* * * LOW HITPOINT WARNING * * *
You sock Edmund!
Edmund is almost dead.
The worm barely misses you. You furiously retaliate!
You headbutt the worm!
Edmund hits you with a +1 flail of protection.
* * * LOW HITPOINT WARNING * * *
You hit Edmund but do no damage.
Edmund is almost dead.
Edmund hits you with a +1 flail of protection!
You die...

### ###.###
##.....##
###.......#
.#........[#
...........#
........w@..#
#.........@..#
#.............#
#............##
##............#
#.............#
#............##
#...........##
#.........##
#........##


You could see Edmund and a worm.

Vanquished Creatures
  A phantom (D:3)
  A scorpion (D:4)
  A jelly (D:4)
  An iguana (D:3)
  An adder (D:2)
  5 dart slugs
  An orc (D:3)
  8 endoplasms
  4 giant cockroaches
  7 goblins
  3 hobgoblins
  3 jackals (D:2)
  2 quokkas (D:3)
  3 ball pythons
  8 bats
  5 frilled lizards
  7 kobolds
  5 rats
66 creatures vanquished.

Notes
Turn   | Place    | Note
-------+----------+-------------------------------------------
     0 | D:1      | Demigod47 the Minotaur Fighter began the quest for the Orb.
     0 | D:1      | Reached XP level 1. HP: 19/19 MP: 0/0
   423 | D:1      | Reached XP level 2. HP: 14/27 MP: 1/1
  1337 | D:2      | Found an ornate altar of the Wu Jian Council.
  1366 | D:2      | Reached skill level 3 in Maces & Flails
  1401 | D:2      | Found Yheuren's Jewellery Emporium.
  1503 | D:2      | Reached XP level 3. HP: 33/33 MP: 2/2
  1785 | D:2      | Found a faded altar of an unknown god.
  2073 | D:3      | Reached XP level 4. HP: 31/40 MP: 3/3
  2466 | D:3      | Found a bloodstained altar of Trog.
  2491 | D:3      | Noticed a phantom
  2499 | D:3      | Killed a phantom
  2500 | D:3      | Reached skill level 4 in Maces & Flails
  2500 | D:3      | Reached XP level 5. HP: 44/47 MP: 4/4
  2584 | D:3      | Identified the +3 short sword "Kozenlone" {vorpal, rC++
                  | Str-4 Int+7}
  3082 | D:3      | Gained mutation: You possess an exceptional clarity of
                  | mind. [potion of mutation]
  3086 | D:3      | Lost mutation: You possess an exceptional clarity of mind.
                  | [potion of mutation]
  3086 | D:3      | Gained mutation: You are agile. (Dex +4, Str/Int -1)
                  | [potion of mutation]
  3086 | D:3      | Gained mutation: You do not regenerate when monsters are
                  | visible. [potion of mutation]
  3157 | D:4      | Reached skill level 5 in Maces & Flails
  3159 | D:4      | Found Pyluraqyxe's Jewellery Boutique.
  3167 | D:4      | Reached XP level 6. HP: 53/53 MP: 5/5
  3197 | D:4      | Found a staircase to the Ecumenical Temple.
  3205 | D:4      | Identified the ring "Ufocav" {Wiz rF+ rCorr Str-3}
  3270 | Temple   | Entered the Ecumenical Temple
  3318 | Temple   | Became a worshipper of Warmaster Okawaru
  3352 | D:4      | Noticed Edmund
  3374 | D:4      | Slain by Edmund

Illustrated notes

Levels and vault maps discovered:
D:1:      dpeg_arrival_tiny_g, layout_basic
D:2:      layout_rooms, serial_shops, nicolae_shop_advertising_works
          [nicolae_subvault_shop_adworks], basic_altar,
          shapermc_ecumenical_altar_notcrosses
D:3:      layout_basic, mainiacjoe_overflow_24_doors, minmay_checkerbox
D:4:      wander_river, layout_cave_pods, minmay_temple_entry_arrows,
          serial_glass, glass_columns_b, glass_columns_b,
          minmay_shop_enchanted_jewellery, uniq_edmund, uniq_pikel
Temple:   nicolae_temple_bog_church

Skill      XL: |  1  2  3  4  5 |
---------------+----------------+-----
Armour         | 4 |  4.9
Fighting       | 4 |  4.5
Maces & Flails | 3 4 5 |  5.6
Shields        | 4 |  4.4
Dodging        | |  0.6

Action                   |  1- 3 |  4- 6 || total
-------------------------+-------+-------++-------
Melee: Flail             |    65 |    79 ||   144
       Headbutt          |     8 |    13 ||    21
  Use: Potion            |       |     6 ||     6
       Scroll            |       |     4 ||     4
 Stab: Invisible         |       |     1 ||     1
Armor: Scale mail        |    26 |     5 ||    31
       Crystal plate arm |       |    33 ||    33
Dodge: Dodged            |    50 |    15 ||    65
Block: Buckler           |    31 |    49 ||    80
       Reflection        |     2 |       ||     2
